cohdb
Replays
Latest Replays
All Replays
Popular Replays
Top Player Replays
Match Explorer
How It Works
Community
CoH3 Stats
Reddit
Sign in to upload your games and track your stats! →
Sign in with Steam
Match 41795040
Unlisted
Match 41795040
Overview
Messages
Build Orders
End
Vickers Machine Gun Team
Construct Section Command Post
Infantry Section
Infantry Section
Grenade Package
Selects Air and Sea Battlegroup
Infantry Section
Construct Platoon Command Post
Selects Commando Section Paradrop
Selects M1 Pack Howitzer Paradrop
6-pounder Anti-tank Gun Team
Commando Section Paradrop
Selects Supply Surplus
Selects UNKNOWN (223837)
BatmansDad
Afrotastic22
BIOHAZARD
Gorgolo
0
0
Comments
sign in to comment!
No comments posted yet!